Map: Ruins of Seras

Players

IIIIIIIIIIII (State) - Winner!

  • Race: Protoss Protoss
  • League: Master

Tesla (Rob)

  • Race: Protoss Protoss
  • League: Master

VOD

Have the link to the VOD?

Description

Time

  • Played on: Feb. 1, 2016, 3:38 p.m.
  • Length: 7:35
Show
View Real Time Build Order
Export as new Build Order

IIIIIIIIIIII Protoss - Winner!

Build Orders: Phoenix Opening, Zealot Archon, Dark Templar Rush 

Get SALT Encoding   

  12  0:01  Probe (Chrono Boost)  
  13  0:11  Probe (Chrono Boost)  
  14  0:18  Pylon  
  14  0:22  Probe (Chrono Boost)  
  15  0:36  Probe (Chrono Boost)  
  15  0:37  Gateway  
  16  0:43  Assimilator  
  16  0:47  Probe (Chrono Boost)  
  17  0:57  Assimilator, Probe (Chrono Boost)  
  18  1:07  Gateway  
  18  1:10  Probe (Chrono Boost)  
  19  1:20  Probe (Chrono Boost)  
  19  1:25  Cybernetics Core  
  20  1:31  Probe (Chrono Boost)  
  21  1:36  Pylon  
  21  1:43  Probe (Chrono Boost)  
  23  1:54  Probe (Chrono Boost)  
  23  2:06  Adept x2 (Chrono Boost)  
  27  2:09  Stargate  
  27  2:13  Warp Gate (Chrono Boost)  
  27  2:16  Probe  
  28  2:25  Pylon  
  28  2:29  Mothership Core  
  29  2:47  Twilight Council  
  29  2:53  Probe  
  30  3:02  Phoenix (Chrono Boost)  
  30  3:05  Probe  
  33  3:17  Probe  
  36  3:32  Dark Shrine  
  34  3:37  Nexus  
  34  3:45  Probe  
  35  3:51  Phoenix (Chrono Boost)  
  33  4:02  Pylon  
  33  4:05  Probe  
  34  4:13  Assimilator, Phoenix (Chrono Boost)  
  36  4:19  Probe  
  36  4:21  Assimilator  
  37  4:27  Gateway  
  37  4:31  Probe  
  37  4:38  Phoenix (Chrono Boost)  
  40  4:43  Probe  
  41  4:49  Dark Templar  
  41  4:51  Probe  
  38  5:07  Probe, Dark Templar  
  38  5:08  Probe  
  40  5:18  Probe  
  40  5:20  Probe  
  40  5:28  Probe  
  37  5:33  Dark Templar  
  37  5:34  Probe  
  40  5:39  Probe  
  35  5:46  Probe  
  35  5:48  Dark Templar  
  38  5:50  Probe  
  36  5:58  Probe  
  36  6:00  Probe  
  30  6:15  Dark Templar  
  31  6:19  Probe  
  31  6:22  Probe  
  33  6:31  Probe  
  31  6:34  Probe  
  32  6:43  Probe  
  32  6:46  Probe  
  32  6:55  Probe  
  32  6:59  Probe  
  34  7:06  Archon  
  34  7:08  Probe  
  32  7:10  Probe  
  33  7:20  Probe x2 (Chrono Boost)  
Show
View Real Time Build Order
Export as new Build Order

Tesla Protoss 

Build Orders: Phoenix Opening 

Get SALT Encoding   

  12  0:01  Probe (Chrono Boost)  
  13  0:11  Probe (Chrono Boost)  
  14  0:18  Pylon  
  14  0:22  Probe (Chrono Boost)  
  15  0:36  Probe (Chrono Boost)  
  15  0:38  Gateway  
  16  0:46  Probe (Chrono Boost)  
  17  0:54  Assimilator  
  17  0:57  Probe (Chrono Boost)  
  17  0:58  Assimilator  
  18  1:08  Probe (Chrono Boost)  
  19  1:15  Pylon  
  20  1:18  Probe (Chrono Boost)  
  20  1:25  Cybernetics Core  
  20  1:29  Probe (Chrono Boost)  
  21  1:39  Probe (Chrono Boost)  
  22  1:50  Probe (Chrono Boost)  
  23  2:00  Probe (Chrono Boost)  
  24  2:02  Stargate  
  24  2:03  Warp Gate  
  24  2:09  Adept (Chrono Boost)  
  24  2:15  Pylon  
  26  2:38  Adept (Chrono Boost)  
  27  2:47  Phoenix (Chrono Boost)  
  29  2:53  Nexus  
  29  3:03  Probe  
  30  3:09  Phoenix (Chrono Boost)  
  32  3:15  Mothership Core, Pylon  
  34  3:30  Phoenix (Chrono Boost)  
  36  3:36  Probe  
  35  3:48  Probe  
  35  3:52  Phoenix (Chrono Boost)  
  38  4:00  Probe  
  39  4:06  Assimilator  
  39  4:12  Assimilator  
  39  4:13  Probe  
  39  4:14  Phoenix (Chrono Boost)  
  42  4:17  Probe  
  42  4:24  Probe (Chrono Boost)  
  43  4:29  Probe (Chrono Boost)  
  45  4:36  Phoenix, Probe (Chrono Boost)  
  48  4:40  Probe (Chrono Boost)  
  48  4:43  Stargate  
  49  4:47  Probe (Chrono Boost)  
  49  4:51  Probe (Chrono Boost)  
  51  5:04  Phoenix (Chrono Boost)  
  53  5:09  Probe (Chrono Boost)  
  53  5:10  Probe  
  55  5:19  Probe  
  55  5:30  Oracle (Chrono Boost)  
  55  5:31  Pylon  
  55  5:34  Pylon  
  51  5:36  Pylon  
  46  5:45  Pylon  
  35  6:17  Oracle (Chrono Boost)  
Tags
 
Add a new tag
Caveats
  • Supply blocks, unpowered buildings, or Contaminate may cause inaccurate times.
  • Supply counts are checked every 10 seconds.